 Seeded DCSS version 0.28.0-47-ge53b351184 (webtiles) character file.

Game seed: 523019199727972820 (custom seed)

5983 thiscave3701365 the Cleaver (level 10, -1/136 HPs)
             Began as a Minotaur Berserker on May 10, 2022.
             Was a Priest of Trog.
             Slain by a 13-headed hydra (11 damage)
             ... on level 9 of the Dungeon.
             The game lasted 00:08:22 (13867 turns).

thiscave3701365 the Cleaver (Minotaur Berserker)   Turns: 13867, Time: 00:08:22

Health: -1/136     AC: 21    Str: 26    XL:     10   Next: 55%
Magic:  9/9        EV:  2    Int:  4    God:    Trog [***...]
Gold:   141        SH: 11    Dex: 10    Spells: 9/9 levels left

rFire   . . .      SeeInvis .   A - +0 broad axe
rCold   . . .      Faith    .   r - +0 tower shield
rNeg    . . .      Spirit   .   y - +0 crystal plate armour
rPois   .          Reflect  .   (helmet restricted)
rElec   .          Harm     .   (no cloak)
rCorr   .          Rampage  .   (no gloves)
Will    .....                   (no boots)
Stlth   ..........              v - amulet of regeneration
HPRegen 1.12/turn               (no ring)
MPRegen 0.11/turn               (no ring)

@: berserking (expiring), very quick
A: horns 2, retaliatory headbutt
a: Renounce Religion, Berserk, Trog's Hand


You were on level 9 of the Dungeon.
You worshipped Trog.
Trog was most pleased with you.
You visited 1 branch of the dungeon, and saw 9 of its levels.

You collected 501 gold pieces.
You spent 360 gold pieces at shops.

Inventory:

Hand Weapons
 a - a +0 hand axe
 A - a +0 broad axe (weapon)
Missiles
 i - 2 throwing nets
Armour
 r - a +0 tower shield (worn)
 y - a +0 crystal plate armour (worn)
Jewellery
 v - an amulet of regeneration (around neck)
 z - an amulet of guardian spirit
Wands
 b - a wand of paralysis (9)
 m - a wand of polymorph (2)
 w - a wand of flame (23)
Scrolls
 c - a scroll of fog
 e - 3 scrolls of teleportation
 h - 4 scrolls of identify
 j - 2 scrolls of blinking
 p - a scroll of vulnerability
 u - 2 scrolls of summoning
 x - a scroll of acquirement {unknown}
 B - a scroll of immolation {unknown}
Potions
 d - 2 potions of curing {unknown}
 f - 2 potions of berserk rage
 g - a potion of resistance
 k - a potion of cancellation {unknown}
 l - a potion of lignification
 n - 2 potions of invisibility
 o - a potion of heal wounds
 q - 2 potions of might
 s - a potion of mutation {unknown}
Miscellaneous
 t - a lightning rod (4/4)


   Skills:
 + Level 9.1 Fighting
 + Level 12.1 Axes
 + Level 11.6 Armour
 + Level 3.8 Dodging
 + Level 1.6 Stealth
 + Level 2.6 Shields
 + Level 0.5 Unarmed Combat


You had 9 spell levels left.
You didn't know any spells.
Your spell library was empty.

Dungeon Overview and Level Annotations

Branches:
Dungeon (9/15)             Temple (0/1) D:4
   Lair: D:8-11         Orc: D:9-12

Altars:
Ashenzari
Nemelex Xobeh

Shops:
D:7 *

Annotations:
D:3 3 runed translucent doors, SuperSeabass's ghost, amateur DDFi
D:9 1 runed translucent door, elongatedgoose's ghost, journeyman TrBe


Innate Abilities, Weirdness & Mutations

You have a pair of horns on your head.
You reflexively headbutt those who attack you in melee.


Message History

The 11-headed hydra is severely wounded.
You block the 11-headed hydra's attack. The 11-headed hydra bites you!
You block the 11-headed hydra's attack. The 11-headed hydra bites you!
The 11-headed hydra bites you.
The 11-headed hydra bites you but does no damage. x4
You block the 11-headed hydra's attack.
The 11-headed hydra bites you but does no damage.
You slice one of the 11-headed hydra's heads off!
The ten-headed hydra grows two more!
You slash the 12-headed hydra!
Your headbutt misses the 12-headed hydra.
The 12-headed hydra is severely wounded.
You block the 12-headed hydra's attack.
The 12-headed hydra bites you but does no damage.
The 12-headed hydra bites you.
* * * LOW HITPOINT WARNING * * *
You block the 12-headed hydra's attack. The 12-headed hydra bites you!
* * * LOW HITPOINT WARNING * * *
The 12-headed hydra bites you!
* * * LOW HITPOINT WARNING * * *
The 12-headed hydra bites you.
* * * LOW HITPOINT WARNING * * *
The 12-headed hydra bites you.
* * * LOW HITPOINT WARNING * * *
The 12-headed hydra bites you but does no damage. x2
You block the 12-headed hydra's attack.
The 12-headed hydra bites you but does no damage.
You lop one of the 12-headed hydra's heads off!
The 11-headed hydra grows two more!
You slice the 13-headed hydra!!
The 13-headed hydra is severely wounded.
The 13-headed hydra barely misses you. You block the 13-headed hydra's attack.
The 13-headed hydra bites you.
* * * LOW HITPOINT WARNING * * *
The 13-headed hydra bites you but does no damage. x2
The 13-headed hydra bites you.
* * * LOW HITPOINT WARNING * * *
The 13-headed hydra bites you but does no damage.
You block the 13-headed hydra's attack.
The 13-headed hydra bites you but does no damage.
The 13-headed hydra bites you!
You die...

#....# #....#..#
#....#..# #....#..##
#..#.#...# #..#.#...#
#..#.#...# #..#[#D..#
#### #..#.@...# #..#
#....##### #..#
#....############..#
#....#...##........#
#....#...##....#####
#....#...##....##..###
#....#...##.....#.....
#.##.#...##....##.....
#.##.#...##....##.....


You could see a 13-headed hydra.

Vanquished Creatures
  A two-headed ogre (D:8)
  Grinder (D:5)
  A hornet (D:9)
  9 yaks
  A steam dragon (D:6)
  Menkaure (D:4)
  An acid dragon (D:9)
  3 orc warriors
  A black bear (D:8)
  A sky beast (D:7)
  A necrophage (D:6)
  4 ogres
  3 centaurs
  A phantom (D:4)
  2 kobold brigands
  A bullfrog (D:7)
  A wyvern zombie (D:6)
  4 scorpions
  A wyvern skeleton (D:6)
  5 killer bees (D:9)
  9 wights
  A howler monkey (D:4)
  A centaur zombie (D:6)
  5 orc priests
  2 gnoll shamans
  A jelly (D:6)
  3 hounds
  5 iguanas
  Ijyb (D:4)
  9 orc wizards
  A hound zombie (D:5)
  A hound skeleton (D:4)
  6 gnolls
  A howler monkey zombie (D:9)
  8 adders
  A white imp (D:7)
  An ufetubus (D:5)
  An adder skeleton (D:4)
  3 worms
  A dart slug (D:4)
  23 orcs
  12 endoplasms
  3 giant cockroaches
  4 goblins
  5 hobgoblins
  6 quokkas
  8 ball pythons
  6 bats
  A frilled lizard (D:1)
  15 kobolds
  8 rats
195 creatures vanquished.

Vanquished Creatures (others)
  12 plants (D:5)
12 creatures vanquished.

Grand Total: 207 creatures vanquished

Notes
Turn   | Place    | Note
-------+----------+-------------------------------------------
     0 | D:1      | thiscave3701365 the Minotaur Berserker began the quest for
                  | the Orb.
     0 | D:1      | Reached XP level 1. HP: 19/19 MP: 0/0
   307 | D:1      | Reached skill level 4 in Axes
   307 | D:1      | Reached XP level 2. HP: 26/27 MP: 1/1
   846 | D:1      | Found a faded altar of an unknown god.
  1289 | D:2      | Reached XP level 3. HP: 33/33 MP: 2/2
  1650 | D:2      | Reached ** piety under Trog
  1663 | D:2      | Found a broken altar of Ashenzari.
  2339 | D:3      | Reached XP level 4. HP: 41/41 MP: 3/3
  2472 | D:3      | Found a runed translucent gate.
  2574 | D:3      | Found a runed translucent gate.
  2574 | D:3      | Found a runed translucent gate.
  2605 | D:3      | Noticed SuperSeabass's ghost (amateur DDFi)
  3355 | D:4      | Reached skill level 5 in Axes
  3359 | D:4      | Reached XP level 5. HP: 47/47 MP: 4/4
  3426 | D:4      | Noticed a phantom
  3436 | D:4      | Killed a phantom
  3437 | D:4      | Reached skill level 5 in Fighting
  3437 | D:4      | Reached skill level 1 in Stealth
  3449 | D:4      | Reached skill level 6 in Axes
  3601 | D:4      | Reached XP level 6. HP: 49/56 MP: 5/5
  4127 | D:4      | Found a staircase to the Ecumenical Temple.
  4193 | D:4      | Noticed Ijyb
  4201 | D:4      | Killed Ijyb
  4816 | D:4      | Reached skill level 7 in Axes
  5254 | D:4      | Reached XP level 7. HP: 61/61 MP: 6/6
  5594 | D:5      | Entered Level 5 of the Dungeon
  5594 | D:5      | Noticed Menkaure
  6988 | D:4      | Killed Menkaure
  7084 | D:5      | Reached skill level 5 in Armour
  8065 | D:5      | Noticed Grinder
  8076 | D:5      | Killed Grinder
  8077 | D:5      | Reached skill level 8 in Axes
  8077 | D:5      | Reached XP level 8. HP: 70/70 MP: 5/7
  9476 | D:6      | Reached skill level 9 in Axes
 10072 | D:7      | Found Poej's Elemental Accessories.
 10079 | D:7      | Bought a lightning rod (4/4) for 360 gold pieces
 10110 | D:7      | Found a sparkling altar of Nemelex Xobeh.
 10121 | D:7      | Reached *** piety under Trog
 10248 | D:7      | Reached XP level 9. HP: 79/79 MP: 8/8
 10976 | D:7      | Reached skill level 10 in Axes
 11223 | D:8      | Noticed a two-headed ogre
 11231 | D:8      | Killed a two-headed ogre
 11232 | D:8      | Reached skill level 10 in Armour
 11783 | D:8      | Reached skill level 11 in Axes
 11933 | D:9      | Reached XP level 10. HP: 87/89 MP: 9/9
 12504 | D:9      | Reached skill level 1 in Shields
 13434 | D:9      | Found a runed translucent door.
 13438 | D:9      | Noticed elongatedgoose's ghost (journeyman TrBe)
 13464 | D:9      | Paralysed by a hornet for 1 turns
 13536 | D:9      | Reached skill level 12 in Axes
 13858 | D:9      | Noticed a seven-headed hydra
 13867 | D:9      | Slain by a 13-headed hydra

Illustrated notes

Levels and vault maps discovered:
D:1:      minmay_arrival_floating_metal, layout_loops_corners,
          shapermc_ecumenical_altar_notcrosses, minivault_11
D:2:      layout_basic, basic_altar
D:3:      layout_basic, gammafunk_ghost_icy
D:4:      minmay_chambers_of_twos, layout_loops_cross,
          minmay_temple_entry_fiery, minmay_fractal_squares_5, uniq_ijyb
D:5:      layout_rooms, serial_bayou_lagoon_a, uniq_grinder, uniq_menkaure
D:6:      layout_loops_ring, grunt_decor_fettered, kennysheep_small_circle
D:7:      layout_loops_ring, mainiacjoe_overflow_small_starburst,
          nicolae_elemental_shop
D:8:      layout_rooms
D:9:      layout_stronghold, ebering_ghost_reflecting_pool

Skill      XL: |  1  2  3  4  5  6  7  8  9 10 |
---------------+-------------------------------+-----
Axes           | 4 5 6 7 8 9 11 12 | 12.1
Fighting       | 4 5 6 7 8 9 |  9.1
Dodging        | 3 |  3.8
Stealth        | 1 |  1.6
Armour         | 3 6 8 10 11 | 11.6
Shields        | 2 |  2.6
Unarmed Combat | |  0.5

Action                   |  1- 3 |  4- 6 |  7- 9 | 10-12 || total
-------------------------+-------+-------+-------+-------++-------
Melee: Hand axe          |    70 |   106 |   268 |    69 ||   513
       Headbutt          |     7 |    17 |    48 |    11 ||    83
       Unarmed           |       |     2 |       |       ||     2
       Punch             |       |       |     3 |       ||     3
       Broad axe         |       |       |       |    20 ||    20
Invok: Berserk           |       |     7 |    18 |     7 ||    32
  Use: Scroll            |       |     7 |     6 |       ||    13
Armor: Animal skin       |     9 |     2 |       |       ||    11
       Chain mail        |       |    36 |    69 |       ||   105
       Skin              |       |     1 |       |       ||     1
       Crystal plate arm |       |       |    92 |   101 ||   193
Dodge: Dodged            |    36 |    53 |    98 |     8 ||   195
Block: Tower shield      |       |       |       |    74 ||    74
